 Dungeon Crawl Stone Soup version 0.23.2-1-ga50397a (webtiles) character file.

Game seed: 5161426103488222362

172 MalarOregon the Spear-Bearer (level 5, -1/38 HPs)
             Began as a Merfolk Gladiator on May 14, 2019.
             Slain by a gnoll
             ... wielding a +0 spear
              (4 damage)
             ... on level 3 of the Dungeon.
             The game lasted 00:02:09 (1992 turns).

MalarOregon the Spear-Bearer (Merfolk Gladiator)    Turns: 1992, Time: 00:02:10

Health: -1/38      AC:  4    Str: 16    XL:     5   Next: 53%
Magic:  5/5        EV: 14    Int:  7    God:
Gold:   161        SH:  0    Dex: 15    Spells: 4/4 levels left

rFire    . . .     SeeInvis .   a - +0 trident
rCold    . . .     Gourm    .   (no shield)
rNeg     . . .     Faith    .   b - +0 leather armour
rPois    .         Spirit   .   c - +0 helmet
rElec    .         Reflect  .   (no cloak)
rCorr    .         Harm     .   (no gloves)
MR       .....                  (no boots)
Stlth    +.........             (no amulet)
HPRegen  0.12/turn              (no ring)
MPRegen  0.09/turn              (no ring)

@: no status effects
A: change form in water, swift swim, stealthy swim
a: no special abilities


You were on level 3 of the Dungeon.
You were hungry.

You visited 1 branch of the dungeon, and saw 3 of its levels.

You collected 161 gold pieces.

Inventory:

Hand Weapons
 a - a +0 trident (weapon)
Missiles
 d - 3 throwing nets (quivered) {!f}
Armour
 b - a +0 leather armour (worn)
 c - a +0 helmet (worn)
 f - a +0 cloak
   (You found it on level 3 of the Dungeon)
Jewellery
 j - a cursed ring of teleportation {unknown}
   (You found it on level 1 of the Dungeon)
 k - an uncursed amulet of rage {unknown}
   (You found it on level 1 of the Dungeon)
Scrolls
 i - a scroll of teleportation {unknown}
 l - a scroll of magic mapping {unknown}
 n - 2 scrolls of amnesia {unknown}
 o - 4 scrolls of remove curse {unknown}
 r - a scroll of enchant weapon {unknown}
 s - a scroll of fear {unknown}
Potions
 g - 3 potions of curing {unknown}
 h - a potion of ambrosia {unknown}
 m - a potion of heal wounds {unknown}
 p - a potion of resistance {unknown}
 q - 3 potions of brilliance {unknown}
Comestibles
 e - 6 rations {!d}


   Skills:
 - Level 2.1 Fighting
 + Level 8.8 Polearms
 - Level 2.0 Throwing
 - Level 4.0 Dodging


You had 4 spell levels left.
You didn't know any spells.
Your spell library was empty.

Dungeon Overview and Level Annotations

Branches:
Dungeon (3/15)

Altars:
Makhleb
Nemelex Xobeh
Xom


Message History

The gnoll hits you from afar with a +0 spear.
* * * LOW HITPOINT WARNING * * *
The gnoll closely misses you. The leopard gecko barely misses you.
You puncture the leopard gecko!
You kill the leopard gecko!
The gnoll barely misses you.
You see here a leopard gecko corpse.
The gnoll misses you.
Attack whom?
Aim: a gnoll, wielding a +0 spear (moderately wounded)
You reach to attack!
You hit the gnoll. The gnoll barely misses you.
Attack whom?
Aim: a gnoll, wielding a +0 spear (heavily wounded)
You reach to attack!
You closely miss the gnoll. The gnoll closely misses you.
Attack whom?
Aim: a gnoll, wielding a +0 spear (heavily wounded)
You reach to attack!
You hit the gnoll. The gnoll closely misses you.
Attack whom?
Aim: a gnoll, wielding a +0 spear (heavily wounded)
You reach to attack!
You are feeling hungry.
You hit the gnoll but do no damage. The gnoll closely misses you.
Attack whom?
Aim: a gnoll, wielding a +0 spear (heavily wounded)
You reach to attack!
You hit the gnoll. The gnoll misses you.
Attack whom?
Aim: a gnoll, wielding a +0 spear (severely wounded)
You reach to attack!
You hit the gnoll but do no damage.
Attack whom?
Aim: a gnoll, wielding a +0 spear (severely wounded)
You reach to attack!
You hit the gnoll.
The gnoll hits you from afar with a +0 spear.
* * * LOW HITPOINT WARNING * * *
Attack whom?
Aim: a gnoll, wielding a +0 spear (almost dead)
You reach to attack!
You puncture the gnoll!
You kill the gnoll!
Attack whom?
Aim: a gnoll, wielding a +0 spear You reach to attack!
You closely miss the gnoll.
Attack whom?
Aim: a gnoll, wielding a +0 spear You reach to attack!
You hit the gnoll.
The gnoll hits you from afar with a +0 spear.
* * * LOW HITPOINT WARNING * * *
Attack whom?
Aim: a gnoll, wielding a +0 spear (lightly wounded)
You reach to attack!
You barely miss the gnoll.
The gnoll hits you from afar with a +0 spear.
You die...

#................. .
#. #....##.....######
.##. #....##.....#
#_. ... #....##.....#
#.. #.. #....##.....#
#.. ## #..
#....##.....# ##'
##..#.. #....##.....#
#.
......)##....##.....#
##
......)g†@...##.....#
...##################


You could see a gnoll.

Vanquished Creatures
  A crimson imp (D:3)
  A worker ant (D:3)
  An adder (D:2)
  4 gnolls
  2 worms (D:2)
  3 dart slugs
  3 leopard geckos
  7 bats
  A giant cockroach (D:1)
  5 goblins
  5 hobgoblins
  2 quokkas (D:2)
  6 frilled lizards
  7 kobolds
  6 rats
54 creatures vanquished.

Notes
Turn   | Place    | Note
-------+----------+-------------------------------------------
     0 | D:1      | MalarOregon the Merfolk Gladiator began the quest for the
                  | Orb.
     0 | D:1      | Reached XP level 1. HP: 16/16 MP: 1/1
    56 | D:1      | Reached skill level 5 in Polearms
    56 | D:1      | Reached XP level 2. HP: 6/22 MP: 2/2
   721 | D:1      | Reached skill level 6 in Polearms
   721 | D:1      | Reached XP level 3. HP: 25/27 MP: 3/3
  1374 | D:2      | Reached skill level 7 in Polearms
  1374 | D:2      | Reached XP level 4. HP: 32/33 MP: 4/4
  1636 | D:2      | Found a sparkling altar of Nemelex Xobeh.
  1723 | D:3      | Found a shimmering altar of Xom.
  1724 | D:3      | Found a burning altar of Makhleb.
  1956 | D:3      | Reached skill level 8 in Polearms
  1956 | D:3      | Reached XP level 5. HP: 38/38 MP: 5/5
  1992 | D:3      | Slain by a gnoll

Skill      XL: |  1  2  3  4 |
---------------+-------------+-----
Polearms       | 5 6 7 8 |  8.8
Fighting       | |  2.1
Throwing       | |  2.0
Dodging        | |  4.0

Action                   |  1- 3 |  4- 6 || total
-------------------------+-------+-------++-------
Melee: Trident           |    94 |    67 ||   161
 Stab: Sleeping          |     2 |     1 ||     3
  Eat: Chunk             |     1 |     2 ||     3
Armor: Leather armour    |    11 |     6 ||    17
Dodge: Dodged            |    32 |    35 ||    67
